Avalanche vs Senators

Created - November-19-14 at 19:37

Goals
1 2 3 T
Avalanche 0 0 2 2
Senators 1 1 2 4
Shots
1 2 3 T
Avalanche 9 11 5 25
Senators 10 12 12 34

1st period

1. Senators , Mark Stone 1 (Matt Moulson, Christian Ehrhoff) at 4:06

Penalties :
No Penalty

2nd period

2. Senators , Patrick Sharp 15 (Sidney Crosby) at 10:09

Penalties :
No Penalty

3rd period

3. Avalanche , Keith Yandle 7 (Derek Stepan, Kevin Shattenkirk) at 1:29 (PP)
4. Senators , Sidney Crosby 11 (Patrick Sharp) at 10:11
5. Senators , Sidney Crosby 12 (Pavel Datsyuk, Christian Ehrhoff) at 11:30 (PP)
6. Avalanche , Marcus Johansson 4 (Cody Hodgson) at 15:16 (PP)

Penalties :
Patrick Sharp (OTT) for Tripping (Minor) at 0:35, Patrick Sharp (OTT) for Tripping (Minor) at 2:20, Boone Jenner (COL) for Tripping (Minor) at 5:10, Cody Hodgson (COL) for Interference (Minor) at 11:22, Kevin Shattenkirk (COL) for Holding (Minor) at 11:42, Anton Volchenkov (OTT) for High sticking (Minor) at 15:10

Goalie Stats

Antti Niemi (COL), 30 saves from 34 shots - (0.882), L, 3-8-1, 60:00 minutes
Carey Price (OTT), 23 saves from 25 shots - (0.920), W, 14-3-1, 60:00 minutes

Players Stats for Avalanche

Player Name              G  A  P  +/- PIM S  H  SB GA TA FO     MP     PP MP  PK MP  
------------------------------------------------------------------------------------
Boone Jenner             0  0  0  -2  2   0  2  0  0  0  1/3    13:53   0:00   0:00 
Bryce Salvador           0  0  0   0  0   1  0  2  0  0  0/0    17:58   0:00   0:00 
Christopher Higgins      0  0  0  -2  0   3  1  0  0  0  1/3    15:52   0:00   1:58 
Cody Hodgson             0  1  1  -1  2   3  3  0  0  0  11/24  17:32   1:22   0:00 
Derek Stepan             0  1  1   0  0   2  0  0  0  0  14/25  21:01   1:37   3:09 
Johan Franzen            0  0  0   0  0   4  5  0  0  0  0/1    17:37   1:22   0:00 
Justin Faulk             0  0  0  -3  0   0  4  4  0  0  0/0    20:56   1:22   2:34 
Keith Yandle             1  0  1  -3  0   2  1  2  0  0  0/0    19:59   1:37   1:22 
Kevin Shattenkirk        0  1  1   0  2   1  0  2  0  0  0/0    20:45   1:37   1:12 
Marcus Johansson         1  0  1   0  0   3  0  0  0  0  0/0    18:48   1:22   1:11 
Marian Hossa             0  0  0  -1  0   1  3  0  0  0  0/1    18:45   1:37   0:57 
Matt Calvert             0  0  0   0  0   1  1  1  0  0  0/0     6:35   0:00   0:00 
Nick Holden              0  0  0   0  0   1  2  3  0  0  0/0    19:30   0:00   1:32 
Patrik Elias             0  0  0  -1  0   1  1  0  0  0  1/2    18:45   1:37   0:57 
Quinton Howden           0  0  0   0  0   0  0  0  0  0  1/6     6:35   0:00   0:00 
Riley Sheahan            0  0  0  -2  0   0  0  0  0  0  5/10   13:54   0:00   0:00 
Scottie Upshall          0  0  0   0  0   1  0  0  0  0  1/2     6:35   0:00   0:00 
Tyson Barrie             0  0  0   0  0   1  3  4  0  0  0/0    20:51   1:22   1:32 

Players Stats for Senators

Player Name              G  A  P  +/- PIM S  H  SB GA TA FO     MP     PP MP  PK MP  
------------------------------------------------------------------------------------
Alec Martinez            0  0  0   0  0   1  1  0  0  0  0/0    19:35   2:28   0:00 
Anton Volchenkov         0  0  0   0  2   0  3  1  0  0  0/0    19:46   1:38   1:02 
Christian Ehrhoff        0  2  2   2  0   3  0  3  0  0  0/0    20:06   1:38   1:57 
Dave Bolland             0  0  0   1  0   3  1  0  0  0  8/17   11:54   0:00   0:45 
Eric Staal               0  0  0   0  0   0  0  0  0  0  10/15  18:00   1:55   0:00 
Erik Gustafsson          0  0  0   0  0   0  0  0  0  0  0/0     0:00   0:00   0:00 
Gustav Nyquist           0  0  0   2  0   4  2  0  0  0  2/2    22:58   1:55   0:00 
Jan Hejda                0  0  0   1  0   2  6  0  0  0  0/0    21:14   0:00   1:57 
Jared Cowen              0  0  0   2  0   1  1  0  0  0  0/0    16:31   0:00   0:00 
Joffrey Lupul            0  0  0   0  0   0  1  0  0  0  0/0    16:05   0:00   0:00 
Marc Staal               0  0  0   1  0   2  2  3  0  0  0/0    22:47   2:28   1:02 
Mark Stone               1  0  1   1  0   1  0  0  0  0  0/1    15:47   0:00   0:00 
Matt Moulson             0  1  1   1  0   4  0  1  0  0  0/0    15:47   0:00   0:00 
Mika Zibanejad           0  0  0   0  0   0  0  0  0  0  2/8     8:10   1:55   1:37 
Patrick Sharp            1  1  2   2  4   2  3  1  0  0  1/2    23:12   2:11   0:00 
Pavel Datsyuk            0  1  1   0  0   3  0  0  0  0  4/4    19:38   2:11   1:22 
Sidney Crosby            2  1  3   2  0   8  1  0  0  0  15/27  23:14   2:11   0:00 
Travis Moen              0  0  0   0  0   0  0  0  0  0  0/1     2:14   0:00   2:14 

3 Stars

1 - Sidney Crosby (OTT)
2 - Christian Ehrhoff (OTT)
3 - Patrick Sharp (OTT)

Power Play

Avalanche - 2 on 3 Attempt(s) - 66.67%
Senators - 1 on 3 Attempt(s) - 33.33%

Penalty Kill

Avalanche - 2 on 3 Attempt(s) - 66.67% - Score 0 goal in Penalty Kill
Senators - 1 on 3 Attempt(s) - 33.33% - Score 0 goal in Penalty Kill

Official

Referees : Ian Walsh and Kelly Sutherland
Linesman : Kiel Murchison and Derek Amell

Game Notes

No Game Note

Finance

Level 1 -- Attendance: 5963 (91.74%) -- Ticket Income $596,300
Level 2 -- Attendance: 5000 (100.00%) -- Ticket Income $300,000
Level 3 -- Attendance: 3245 (92.71%) -- Ticket Income $113,575
Level 4 -- Attendance: 3061 (97.08%) -- Ticket Income $91,830
Luxury Box -- Attendance: 712 (71.20%) -- Ticket Income $178,000
Game was played at the Canadian Tire Centre
Total Attendance: 17981 (93.88%)
Total Ticket Income: $1,279,705
Other Income: $191,956
Total Income: $1,471,661

% Time on Ice - Avalanche

Lines # - Real PCT - Wanted PCT - Time Play
Normal Forward
1 - 31% - 34% - 16:15
2 - 31% - 32% - 16:11
3 - 26% - 24% - 13:54
4 - 12% - 10% - 6:35
Normal Defense
1 - 34% - 35% - 17:57
2 - 32% - 30% - 17:00
3 - 25% - 25% - 13:12
4 - 9% - 10% - 4:46
PP Forward
1 - 54% - 54% - 1:37
2 - 46% - 46% - 1:22
PP Defense
1 - 46% - 60% - 1:22
2 - 54% - 40% - 1:37
PK Forward
1 - 77% - 60% - 3:09
2 - 23% - 40% - 0:57
PK Defense
1 - 63% - 60% - 2:34
2 - 37% - 40% - 1:32
PK3 Forward
1 - 0% - 60%
2 - 0% - 40%
PK3 Defense
1 - 0% - 60%
2 - 0% - 40%
44 Forward
1 - 0% - 60%
2 - 0% - 40%
44 Defense
1 - 0% - 60%
2 - 0% - 40%
Last Minute Offensive  - 0:00
Last Minute Defensive  - 0:00
Total
Forward - 60:00
Defense - 60:00

% Time on Ice - Senators

Lines # - Real PCT - Wanted PCT - Time Play
Normal Forward
1 - 40% - 40% - 21:03
2 - 30% - 30% - 16:05
3 - 21% - 20% - 11:09
4 - 9% - 10% - 4:38
Normal Defense
1 - 36% - 38% - 19:17
2 - 32% - 32% - 17:07
3 - 21% - 20% - 11:03
4 - 10% - 10% - 5:28
PP Forward
1 - 53% - 50% - 2:11
2 - 47% - 50% - 1:55
PP Defense
1 - 60% - 50% - 2:28
2 - 40% - 50% - 1:38
PK Forward
1 - 54% - 50% - 1:37
2 - 46% - 50% - 1:22
PK Defense
1 - 65% - 50% - 1:57
2 - 35% - 50% - 1:02
PK3 Forward
1 - 0% - 50%
2 - 0% - 50%
PK3 Defense
1 - 0% - 50%
2 - 0% - 50%
44 Forward
1 - 0% - 52%
2 - 0% - 48%
44 Defense
1 - 0% - 52%
2 - 0% - 48%
Last Minute Offensive  - 0:00
Last Minute Defensive  - 0:00
Total
Forward - 60:00
Defense - 60:00

Play by Play

1st period


0:01 of 1st period - Derek Stepan wins face-off versus Sidney Crosby in neutral zone.
0:29 of 1st period - Off-side.
0:30 of 1st period - Eric Staal wins face-off versus Cody Hodgson in neutral zone.
1:11 of 1st period - Shot by Marian Hossa.
1:11 of 1st period - Deflect By Cody Hodgson.
1:11 of 1st period - Stopped by Carey Price without a rebound.
1:12 of 1st period - Dave Bolland wins face-off versus Riley Sheahan in Senators zone.
1:16 of 1st period - Christian Ehrhoff is hit by Boone Jenner and loses puck.
1:39 of 1st period - Shot by Christopher Higgins.
1:39 of 1st period - Stopped by Carey Price without a rebound.
1:40 of 1st period - Sidney Crosby wins face-off versus Quinton Howden in Senators zone.
1:40 of 1st period - Sidney Crosby is hit by Matt Calvert.
1:51 of 1st period - Gustav Nyquist is hit by Tyson Barrie and loses puck.
1:56 of 1st period - Shot by Sidney Crosby.
1:56 of 1st period - Stopped by Antti Niemi without a rebound.
1:57 of 1st period - Derek Stepan wins face-off versus Mika Zibanejad in Avalanche zone.
2:02 of 1st period - Shot by Matt Moulson.
2:02 of 1st period - Deflect By Mika Zibanejad.
2:02 of 1st period - Shot Blocked by Nick Holden.
2:04 of 1st period - Shot by Mika Zibanejad.
2:04 of 1st period - Shot Misses the Net.
2:06 of 1st period - Shot by Jared Cowen.
2:06 of 1st period - Shot Misses the Net.
2:34 of 1st period - Shot by Matt Moulson.
2:34 of 1st period - Stopped by Antti Niemi without a rebound.
2:35 of 1st period - Riley Sheahan wins face-off versus Sidney Crosby in Avalanche zone.
2:35 of 1st period - Riley Sheahan is hit by Gustav Nyquist.
2:40 of 1st period - Christopher Higgins is hit by Patrick Sharp and loses puck.
2:50 of 1st period - Riley Sheahan is hit by Marc Staal and loses puck.
2:55 of 1st period - Shot by Riley Sheahan.
2:55 of 1st period - Shot Misses the Net.
2:57 of 1st period - Shot by Christopher Higgins.
2:57 of 1st period - Shot Misses the Net.
3:21 of 1st period - Shot by Gustav Nyquist.
3:21 of 1st period - Shot Blocked by Tyson Barrie.
3:54 of 1st period - Shot by Eric Staal.
3:54 of 1st period - Shot Misses the Net.
3:57 of 1st period - Icing by Keith Yandle.
3:58 of 1st period - Dave Bolland wins face-off versus Cody Hodgson in Avalanche zone.
3:58 of 1st period - Dave Bolland is hit by Keith Yandle.
4:04 of 1st period - Shot by Matt Moulson.
4:04 of 1st period - Shot Blocked by Keith Yandle.
4:06 of 1st period - Shot by Mark Stone.
4:06 of 1st period - The goal is going for a video replay.
4:06 of 1st period - The goal is good.
4:06 of 1st period - Goal by Mark Stone - Avalanche : 0 - Senators : 1.
4:07 of 1st period - Derek Stepan wins face-off versus Dave Bolland in neutral zone.
4:10 of 1st period - Shot by Johan Franzen.
4:10 of 1st period - Shot Blocked by Christian Ehrhoff.
4:38 of 1st period - Shot by Matt Moulson.
4:38 of 1st period - Shot Misses the Net.
4:40 of 1st period - Shot by Matt Moulson.
4:40 of 1st period - Shot Misses the Net.
4:42 of 1st period - Shot by Jared Cowen.
4:42 of 1st period - Deflect By Matt Moulson.
4:42 of 1st period - Stopped by Antti Niemi with a rebound.
4:48 of 1st period - Shot by Johan Franzen.
4:48 of 1st period - Stopped by Carey Price with a rebound.
4:53 of 1st period - Matt Moulson is hit by Johan Franzen and loses puck.
5:11 of 1st period - Keith Yandle is hit by Joffrey Lupul and loses puck.
5:32 of 1st period - Joffrey Lupul is hit by Justin Faulk and loses puck.
6:19 of 1st period - Icing by Jan Hejda.
6:20 of 1st period - Patrick Sharp wins face-off versus Quinton Howden in Senators zone.
6:33 of 1st period - Shot by Sidney Crosby.
6:33 of 1st period - Shot Blocked by Tyson Barrie.
6:35 of 1st period - Shot by Gustav Nyquist.
6:35 of 1st period - Shot Blocked by Matt Calvert.
6:46 of 1st period - Scottie Upshall is hit by Jan Hejda and loses puck.
7:52 of 1st period - Icing by Jared Cowen.
7:53 of 1st period - Mika Zibanejad wins face-off versus Derek Stepan in Senators zone.
7:53 of 1st period - Matt Moulson is hit by Johan Franzen and loses puck.
8:03 of 1st period - Icing by Christian Ehrhoff.
8:04 of 1st period - Riley Sheahan wins face-off versus Mika Zibanejad in Senators zone.
8:05 of 1st period - Shot by Keith Yandle.
8:05 of 1st period - Shot Misses the Net.
9:46 of 1st period - Shot by Sidney Crosby.
9:46 of 1st period - Stopped by Antti Niemi without a rebound.
9:47 of 1st period - Cody Hodgson wins face-off versus Dave Bolland in Avalanche zone.
9:54 of 1st period - Christian Ehrhoff is hit by Patrik Elias and loses puck.
9:59 of 1st period - Shot by Marian Hossa.
9:59 of 1st period - Deflect By Cody Hodgson.
9:59 of 1st period - Stopped by Carey Price with a rebound.
10:01 of 1st period - Shot by Tyson Barrie.
10:01 of 1st period - Stopped by Carey Price without a rebound.
10:02 of 1st period - Eric Staal wins face-off versus Riley Sheahan in Senators zone.
10:02 of 1st period - Jared Cowen is hit by Boone Jenner and loses puck.
12:04 of 1st period - Shot by Matt Moulson.
12:04 of 1st period - Deflect By Dave Bolland.
12:04 of 1st period - Stopped by Antti Niemi without a rebound.
12:05 of 1st period - Derek Stepan wins face-off versus Eric Staal in Avalanche zone.
12:22 of 1st period - Shot by Derek Stepan.
12:22 of 1st period - Stopped by Carey Price with a rebound.
12:24 of 1st period - Shot by Johan Franzen.
12:24 of 1st period - Stopped by Carey Price without a rebound.
12:25 of 1st period - Dave Bolland wins face-off versus Cody Hodgson in Senators zone.
13:02 of 1st period - Icing by Alec Martinez.
13:03 of 1st period - Dave Bolland wins face-off versus Derek Stepan in Senators zone.
13:03 of 1st period - Dave Bolland is hit by Johan Franzen.
13:13 of 1st period - Shot by Alec Martinez.
13:13 of 1st period - Stopped by Antti Niemi without a rebound.
13:14 of 1st period - Gustav Nyquist wins face-off versus Scottie Upshall in Avalanche zone.
13:23 of 1st period - Shot by Gustav Nyquist.
13:23 of 1st period - Shot Misses the Net.
14:12 of 1st period - Shot by Derek Stepan.
14:12 of 1st period - Shot Misses the Net.
14:18 of 1st period - Shot by Derek Stepan.
14:18 of 1st period - Shot Misses the Net.
14:20 of 1st period - Shot by Nick Holden.
14:20 of 1st period - Stopped by Carey Price without a rebound.
14:21 of 1st period - Eric Staal wins face-off versus Cody Hodgson in Senators zone.
14:21 of 1st period - Eric Staal is hit by Cody Hodgson.
15:17 of 1st period - Dave Bolland is hit by Marian Hossa and loses puck.
16:05 of 1st period - Shot by Patrick Sharp.
16:05 of 1st period - Deflect By Gustav Nyquist.
16:05 of 1st period - Shot Misses the Net.
16:35 of 1st period - Shot by Gustav Nyquist.
16:35 of 1st period - Stopped by Antti Niemi without a rebound.
16:36 of 1st period - Eric Staal wins face-off versus Boone Jenner in Avalanche zone.
16:39 of 1st period - Shot by Pavel Datsyuk.
16:39 of 1st period - Shot Misses the Net.
16:47 of 1st period - Shot by Joffrey Lupul.
16:47 of 1st period - Shot Blocked by Tyson Barrie.
16:53 of 1st period - Shot by Eric Staal.
16:53 of 1st period - Shot Misses the Net.
17:07 of 1st period - Pavel Datsyuk is hit by Christopher Higgins and loses puck.
17:15 of 1st period - Eric Staal is hit by Tyson Barrie and loses puck.
17:39 of 1st period - Icing by Mark Stone.
17:40 of 1st period - Cody Hodgson wins face-off versus Mika Zibanejad in Senators zone.
17:47 of 1st period - Shot by Marian Hossa.
17:47 of 1st period - Shot Blocked by Christian Ehrhoff.
17:49 of 1st period - Shot by Marian Hossa.
17:49 of 1st period - Stopped by Carey Price without a rebound.
17:50 of 1st period - Sidney Crosby wins face-off versus Derek Stepan in Senators zone.
17:59 of 1st period - Shot by Sidney Crosby.
17:59 of 1st period - Shot Misses the Net.
18:01 of 1st period - Shot by Patrick Sharp.
18:01 of 1st period - Stopped by Antti Niemi with a rebound.
18:08 of 1st period - Shot by Marc Staal.
18:08 of 1st period - Shot Blocked by Nick Holden.
18:12 of 1st period - Shot by Sidney Crosby.
18:12 of 1st period - Deflect By Gustav Nyquist.
18:12 of 1st period - Stopped by Antti Niemi without a rebound.
18:13 of 1st period - Pavel Datsyuk wins face-off versus Cody Hodgson in Avalanche zone.
18:40 of 1st period - Shot by Eric Staal.
18:40 of 1st period - Shot Blocked by Justin Faulk.
18:46 of 1st period - Christian Ehrhoff is hit by Cody Hodgson and loses puck.
19:14 of 1st period - Christian Ehrhoff is hit by Tyson Barrie and loses puck.
Goals for this period are 0 for Avalanche vs 1 for Senators.
Shots for this period are 9 for Avalanche vs 10 for Senators.

2nd period


0:01 of 2nd period - Derek Stepan wins face-off versus Patrick Sharp in neutral zone.
0:28 of 2nd period - Shot by Sidney Crosby.
0:28 of 2nd period - Shot Misses the Net.
0:30 of 2nd period - Shot by Jan Hejda.
0:30 of 2nd period - Stopped by Antti Niemi without a rebound.
0:31 of 2nd period - Dave Bolland wins face-off versus Patrik Elias in Avalanche zone.
0:32 of 2nd period - Shot by Alec Martinez.
0:32 of 2nd period - Shot Misses the Net.
0:34 of 2nd period - Shot by Mark Stone.
0:34 of 2nd period - Shot Misses the Net.
0:54 of 2nd period - Shot by Matt Moulson.
0:54 of 2nd period - Stopped by Antti Niemi without a rebound.
0:55 of 2nd period - Derek Stepan wins face-off versus Sidney Crosby in Avalanche zone.
1:02 of 2nd period - Shot by Johan Franzen.
1:02 of 2nd period - Deflect By Derek Stepan.
1:02 of 2nd period - Stopped by Carey Price without a rebound.
1:03 of 2nd period - Sidney Crosby wins face-off versus Derek Stepan in Senators zone.
1:14 of 2nd period - Shot by Johan Franzen.
1:14 of 2nd period - Stopped by Carey Price without a rebound.
1:15 of 2nd period - Patrik Elias wins face-off versus Dave Bolland in Senators zone.
1:16 of 2nd period - Shot by Cody Hodgson.
1:16 of 2nd period - Deflect By Patrik Elias.
1:16 of 2nd period - Shot Blocked by Matt Moulson.
1:18 of 2nd period - Shot by Cody Hodgson.
1:18 of 2nd period - Shot Misses the Net.
1:20 of 2nd period - Shot by Cody Hodgson.
1:20 of 2nd period - Deflect By Patrik Elias.
1:20 of 2nd period - Stopped by Carey Price without a rebound.
1:21 of 2nd period - Cody Hodgson wins face-off versus Sidney Crosby in Senators zone.
1:21 of 2nd period - Cody Hodgson is hit by Jan Hejda.
2:20 of 2nd period - Marcus Johansson is hit by Marc Staal and loses puck.
2:37 of 2nd period - Shot by Johan Franzen.
2:37 of 2nd period - Stopped by Carey Price with a rebound.
2:41 of 2nd period - Shot by Johan Franzen.
2:41 of 2nd period - Deflect By Marcus Johansson.
2:41 of 2nd period - Shot Blocked by Marc Staal.
3:04 of 2nd period - Patrick Sharp is hit by Justin Faulk and loses puck.
3:12 of 2nd period - Off-side.
3:13 of 2nd period - Dave Bolland wins face-off versus Quinton Howden in neutral zone.
3:22 of 2nd period - Shot by Dave Bolland.
3:22 of 2nd period - Stopped by Antti Niemi with a rebound.
3:24 of 2nd period - Shot by Dave Bolland.
3:24 of 2nd period - Stopped by Antti Niemi without a rebound.
3:25 of 2nd period - Cody Hodgson wins face-off versus Eric Staal in Avalanche zone.
4:08 of 2nd period - Shot by Marian Hossa.
4:08 of 2nd period - Shot Misses the Net.
4:36 of 2nd period - Jared Cowen is hit by Johan Franzen.
5:24 of 2nd period - Icing by Riley Sheahan.
5:25 of 2nd period - Riley Sheahan wins face-off versus Dave Bolland in Avalanche zone.
5:31 of 2nd period - Keith Yandle is hit by Anton Volchenkov and loses puck.
5:40 of 2nd period - Shot by Mark Stone.
5:40 of 2nd period - Shot Misses the Net.
5:52 of 2nd period - Shot by Matt Moulson.
5:52 of 2nd period - Shot Blocked by Justin Faulk.
6:20 of 2nd period - Shot by Sidney Crosby.
6:20 of 2nd period - Stopped by Antti Niemi without a rebound.
6:21 of 2nd period - Cody Hodgson wins face-off versus Sidney Crosby in Avalanche zone.
6:26 of 2nd period - Shot by Jan Hejda.
6:26 of 2nd period - Stopped by Antti Niemi without a rebound.
6:27 of 2nd period - Sidney Crosby wins face-off versus Cody Hodgson in Avalanche zone.
6:55 of 2nd period - Bryce Salvador is hit by Sidney Crosby and loses puck.
7:05 of 2nd period - Icing by Cody Hodgson.
7:06 of 2nd period - Cody Hodgson wins face-off versus Mark Stone in Avalanche zone.
7:17 of 2nd period - Shot by Marian Hossa.
7:17 of 2nd period - Shot Blocked by Anton Volchenkov.
7:35 of 2nd period - Shot by Anton Volchenkov.
7:35 of 2nd period - Shot Blocked by Tyson Barrie.
7:37 of 2nd period - Shot by Alec Martinez.
7:37 of 2nd period - Shot Blocked by Kevin Shattenkirk.
7:39 of 2nd period - Shot by Alec Martinez.
7:39 of 2nd period - Shot Misses the Net.
8:11 of 2nd period - Shot by Pavel Datsyuk.
8:11 of 2nd period - Shot Misses the Net.
8:17 of 2nd period - Shot by Pavel Datsyuk.
8:17 of 2nd period - Shot Misses the Net.
8:27 of 2nd period - Shot by Pavel Datsyuk.
8:27 of 2nd period - Shot Misses the Net.
8:29 of 2nd period - Shot by Jared Cowen.
8:29 of 2nd period - Stopped by Antti Niemi without a rebound.
8:30 of 2nd period - Sidney Crosby wins face-off versus Quinton Howden in Avalanche zone.
8:31 of 2nd period - Shot by Gustav Nyquist.
8:31 of 2nd period - Shot Blocked by Justin Faulk.
8:39 of 2nd period - Shot by Matt Calvert.
8:39 of 2nd period - Shot Misses the Net.
8:41 of 2nd period - Shot by Keith Yandle.
8:41 of 2nd period - Shot Misses the Net.
8:43 of 2nd period - Shot by Matt Calvert.
8:43 of 2nd period - Stopped by Carey Price with a rebound.
8:45 of 2nd period - Shot by Quinton Howden.
8:45 of 2nd period - Deflect By Matt Calvert.
8:45 of 2nd period - Shot Blocked by Patrick Sharp.
8:51 of 2nd period - Shot by Scottie Upshall.
8:51 of 2nd period - Stopped by Carey Price without a rebound.
8:52 of 2nd period - Dave Bolland wins face-off versus Cody Hodgson in Senators zone.
8:57 of 2nd period - Shot by Matt Moulson.
8:57 of 2nd period - Shot Blocked by Bryce Salvador.
9:27 of 2nd period - Shot by Mark Stone.
9:27 of 2nd period - Shot Misses the Net.
10:09 of 2nd period - Shot by Patrick Sharp.
10:09 of 2nd period - Goal by Patrick Sharp - Avalanche : 0 - Senators : 2.
10:10 of 2nd period - Derek Stepan wins face-off versus Eric Staal in neutral zone.
10:16 of 2nd period - Icing by Christian Ehrhoff.
10:17 of 2nd period - Eric Staal wins face-off versus Derek Stepan in Senators zone.
10:23 of 2nd period - Marcus Johansson is hit by Jared Cowen.
10:25 of 2nd period - Shot by Johan Franzen.
10:25 of 2nd period - Shot Blocked by Christian Ehrhoff.
10:39 of 2nd period - Shot by Pavel Datsyuk.
10:39 of 2nd period - Shot Misses the Net.
10:41 of 2nd period - Shot by Christian Ehrhoff.
10:41 of 2nd period - Stopped by Antti Niemi without a rebound.
10:42 of 2nd period - Riley Sheahan wins face-off versus Sidney Crosby in Avalanche zone.
10:42 of 2nd period - Riley Sheahan is hit by Anton Volchenkov.
11:24 of 2nd period - Shot by Christopher Higgins.
11:24 of 2nd period - Stopped by Carey Price with a rebound.
12:02 of 2nd period - Shot by Matt Moulson.
12:02 of 2nd period - Shot Misses the Net.
12:58 of 2nd period - Shot by Cody Hodgson.
12:58 of 2nd period - Shot Misses the Net.
13:00 of 2nd period - Shot by Kevin Shattenkirk.
13:00 of 2nd period - Shot Misses the Net.
13:02 of 2nd period - Shot by Marian Hossa.
13:02 of 2nd period - Deflect By Cody Hodgson.
13:02 of 2nd period - Stopped by Carey Price without a rebound.
13:03 of 2nd period - Quinton Howden wins face-off versus Eric Staal in Senators zone.
13:44 of 2nd period - Shot by Pavel Datsyuk.
13:44 of 2nd period - Shot Misses the Net.
13:46 of 2nd period - Shot by Pavel Datsyuk.
13:46 of 2nd period - Stopped by Antti Niemi without a rebound.
13:47 of 2nd period - Derek Stepan wins face-off versus Sidney Crosby in Avalanche zone.
14:03 of 2nd period - Shot by Gustav Nyquist.
14:03 of 2nd period - Deflect By Sidney Crosby.
14:03 of 2nd period - Stopped by Antti Niemi without a rebound.
14:04 of 2nd period - Cody Hodgson wins face-off versus Sidney Crosby in Avalanche zone.
14:09 of 2nd period - Jan Hejda is hit by Marian Hossa and loses puck.
14:16 of 2nd period - Tyson Barrie is hit by Gustav Nyquist and loses puck.
14:23 of 2nd period - Shot by Gustav Nyquist.
14:23 of 2nd period - Deflect By Sidney Crosby.
14:23 of 2nd period - Stopped by Antti Niemi without a rebound.
14:24 of 2nd period - Derek Stepan wins face-off versus Dave Bolland in Avalanche zone.
14:24 of 2nd period - Derek Stepan is hit by Dave Bolland.
14:35 of 2nd period - Marcus Johansson is hit by Anton Volchenkov and loses puck.
14:41 of 2nd period - Icing by Alec Martinez.
14:42 of 2nd period - Boone Jenner wins face-off versus Dave Bolland in Senators zone.
14:57 of 2nd period - Shot by Christopher Higgins.
14:57 of 2nd period - Stopped by Carey Price without a rebound.
14:58 of 2nd period - Sidney Crosby wins face-off versus Cody Hodgson in Senators zone.
15:16 of 2nd period - Shot by Marian Hossa.
15:16 of 2nd period - Shot Misses the Net.
15:18 of 2nd period - Shot by Bryce Salvador.
15:18 of 2nd period - Stopped by Carey Price without a rebound.
15:19 of 2nd period - Derek Stepan wins face-off versus Dave Bolland in Senators zone.
15:46 of 2nd period - Matt Moulson is hit by Johan Franzen and loses puck.
16:15 of 2nd period - Shot by Sidney Crosby.
16:15 of 2nd period - Shot Misses the Net.
17:03 of 2nd period - Bryce Salvador is hit by Patrick Sharp and loses puck.
17:22 of 2nd period - Gustav Nyquist is hit by Cody Hodgson and loses puck.
17:37 of 2nd period - Shot by Keith Yandle.
17:37 of 2nd period - Stopped by Carey Price with a rebound.
18:35 of 2nd period - Shot by Eric Staal.
18:35 of 2nd period - Shot Blocked by Kevin Shattenkirk.
19:26 of 2nd period - Off-side.
19:27 of 2nd period - Eric Staal wins face-off versus Boone Jenner in neutral zone.
Goals for this period are 0 for Avalanche vs 1 for Senators.
Shots for this period are 11 for Avalanche vs 12 for Senators.

3rd period


0:01 of 3rd period - Cody Hodgson wins face-off versus Sidney Crosby in neutral zone.
0:01 of 3rd period - Marian Hossa is hit by Jan Hejda and loses puck.
0:35 of 3rd period - Minor Penalty to Patrick Sharp for Tripping.
0:36 of 3rd period - Mika Zibanejad wins face-off versus Cody Hodgson in Senators zone.
0:49 of 3rd period - Shot by Johan Franzen.
0:49 of 3rd period - Shot Blocked by Marc Staal.
0:51 of 3rd period - Shot by Marcus Johansson.
0:51 of 3rd period - Stopped by Carey Price without a rebound.
0:52 of 3rd period - Derek Stepan wins face-off versus Mika Zibanejad in Senators zone.
0:57 of 3rd period - Shot by Keith Yandle.
0:57 of 3rd period - Shot Misses the Net.
0:59 of 3rd period - Shot by Kevin Shattenkirk.
0:59 of 3rd period - Shot Misses the Net.
1:01 of 3rd period - Shot by Kevin Shattenkirk.
1:01 of 3rd period - Stopped by Carey Price with a rebound.
1:06 of 3rd period - Marian Hossa is hit by Jan Hejda and loses puck.
1:10 of 3rd period - Marian Hossa is hit by Jan Hejda and loses puck.
1:16 of 3rd period - Derek Stepan is hit by Jan Hejda and loses puck.
1:29 of 3rd period - Shot by Keith Yandle.
1:29 of 3rd period - Goal by Keith Yandle - Avalanche : 1 - Senators : 2.
1:30 of 3rd period - Riley Sheahan wins face-off versus Sidney Crosby in neutral zone.
1:30 of 3rd period - Riley Sheahan is hit by Patrick Sharp.
1:33 of 3rd period - Christopher Higgins is hit by Alec Martinez and loses puck.
1:50 of 3rd period - Shot by Patrick Sharp.
1:50 of 3rd period - Shot Misses the Net.
2:20 of 3rd period - Minor Penalty to Patrick Sharp for Tripping.
2:21 of 3rd period - Pavel Datsyuk wins face-off versus Cody Hodgson in Senators zone.
2:51 of 3rd period - Shot by Marc Staal.
2:51 of 3rd period - Stopped by Antti Niemi without a rebound.
2:52 of 3rd period - Derek Stepan wins face-off versus Mika Zibanejad in Avalanche zone.
3:59 of 3rd period - Icing by Justin Faulk.
4:00 of 3rd period - Pavel Datsyuk wins face-off versus Cody Hodgson in Avalanche zone.
4:02 of 3rd period - Dave Bolland is hit by Justin Faulk and loses puck.
4:28 of 3rd period - Shot by Sidney Crosby.
4:28 of 3rd period - Stopped by Antti Niemi with a rebound.
4:31 of 3rd period - Sidney Crosby is hit by Nick Holden and loses puck.
4:56 of 3rd period - Sidney Crosby is hit by Nick Holden and loses puck.
5:10 of 3rd period - Minor Penalty to Boone Jenner for Tripping.
5:11 of 3rd period - Derek Stepan wins face-off versus Eric Staal in Avalanche zone.
5:44 of 3rd period - Shot by Gustav Nyquist.
5:44 of 3rd period - Stopped by Antti Niemi without a rebound.
5:45 of 3rd period - Sidney Crosby wins face-off versus Derek Stepan in Avalanche zone.
6:02 of 3rd period - Shot by Christian Ehrhoff.
6:02 of 3rd period - Stopped by Antti Niemi without a rebound.
6:03 of 3rd period - Sidney Crosby wins face-off versus Derek Stepan in Avalanche zone.
6:04 of 3rd period - Shot by Alec Martinez.
6:04 of 3rd period - Shot Blocked by Nick Holden.
7:10 of 3rd period - Shot by Mika Zibanejad.
7:10 of 3rd period - Shot Misses the Net.
7:16 of 3rd period - Shot by Matt Moulson.
7:16 of 3rd period - Shot Blocked by Keith Yandle.
7:49 of 3rd period - Icing by Justin Faulk.
7:50 of 3rd period - Eric Staal wins face-off versus Quinton Howden in Avalanche zone.
8:08 of 3rd period - Off-side.
8:09 of 3rd period - Sidney Crosby wins face-off versus Johan Franzen in neutral zone.
9:38 of 3rd period - Icing by Jan Hejda.
9:39 of 3rd period - Cody Hodgson wins face-off versus Dave Bolland in Senators zone.
9:52 of 3rd period - Shot by Marian Hossa.
9:52 of 3rd period - Deflect By Cody Hodgson.
9:52 of 3rd period - Shot Misses the Net.
10:05 of 3rd period - Off-side.
10:06 of 3rd period - Sidney Crosby wins face-off versus Riley Sheahan in neutral zone.
10:11 of 3rd period - Shot by Sidney Crosby.
10:11 of 3rd period - Goal by Sidney Crosby - Avalanche : 1 - Senators : 3.
10:12 of 3rd period - Pavel Datsyuk wins face-off versus Riley Sheahan in neutral zone.
11:22 of 3rd period - Minor Penalty to Cody Hodgson for Interference.
11:23 of 3rd period - Gustav Nyquist wins face-off versus Derek Stepan in Avalanche zone.
11:24 of 3rd period - Shot by Marc Staal.
11:24 of 3rd period - Stopped by Antti Niemi without a rebound.
11:25 of 3rd period - Sidney Crosby wins face-off versus Christopher Higgins in Avalanche zone.
11:30 of 3rd period - Shot by Sidney Crosby.
11:30 of 3rd period - Goal by Sidney Crosby - Avalanche : 1 - Senators : 4.
11:31 of 3rd period - Sidney Crosby wins face-off versus Cody Hodgson in neutral zone.
11:31 of 3rd period - Sidney Crosby is hit by Marian Hossa.
11:42 of 3rd period - Minor Penalty to Kevin Shattenkirk for Holding.
11:43 of 3rd period - Eric Staal wins face-off versus Derek Stepan in Avalanche zone.
11:55 of 3rd period - Off-side.
11:56 of 3rd period - Sidney Crosby wins face-off versus Derek Stepan in neutral zone.
12:07 of 3rd period - Shot by Pavel Datsyuk.
12:07 of 3rd period - Stopped by Antti Niemi with a rebound.
12:09 of 3rd period - Shot by Christian Ehrhoff.
12:09 of 3rd period - Stopped by Antti Niemi without a rebound.
12:10 of 3rd period - Eric Staal wins face-off versus Christopher Higgins in Avalanche zone.
13:04 of 3rd period - Shot by Pavel Datsyuk.
13:04 of 3rd period - Stopped by Antti Niemi without a rebound.
13:05 of 3rd period - Derek Stepan wins face-off versus Sidney Crosby in Avalanche zone.
13:26 of 3rd period - Shot by Christian Ehrhoff.
13:26 of 3rd period - Shot Blocked by Justin Faulk.
13:34 of 3rd period - Shot by Anton Volchenkov.
13:34 of 3rd period - Shot Misses the Net.
13:47 of 3rd period - Icing by Tyson Barrie.
13:48 of 3rd period - Dave Bolland wins face-off versus Cody Hodgson in Avalanche zone.
14:09 of 3rd period - Shot by Matt Moulson.
14:09 of 3rd period - Stopped by Antti Niemi without a rebound.
14:10 of 3rd period - Christopher Higgins wins face-off versus Sidney Crosby in Avalanche zone.
14:39 of 3rd period - Shot by Gustav Nyquist.
14:39 of 3rd period - Stopped by Antti Niemi without a rebound.
14:40 of 3rd period - Eric Staal wins face-off versus Marian Hossa in Avalanche zone.
15:10 of 3rd period - Minor Penalty to Anton Volchenkov for High sticking.
15:11 of 3rd period - Cody Hodgson wins face-off versus Travis Moen in Senators zone.
15:16 of 3rd period - Shot by Marcus Johansson.
15:16 of 3rd period - Goal by Marcus Johansson - Avalanche : 2 - Senators : 4.
15:17 of 3rd period - Sidney Crosby wins face-off versus Derek Stepan in neutral zone.
15:20 of 3rd period - Shot by Jan Hejda.
15:20 of 3rd period - Shot Blocked by Bryce Salvador.
15:51 of 3rd period - Shot by Derek Stepan.
15:51 of 3rd period - Deflect By Johan Franzen.
15:51 of 3rd period - Shot Misses the Net.
15:53 of 3rd period - Shot by Marcus Johansson.
15:53 of 3rd period - Shot Misses the Net.
16:27 of 3rd period - Shot by Marian Hossa.
16:27 of 3rd period - Shot Blocked by Marc Staal.
16:32 of 3rd period - Icing by Sidney Crosby.
16:33 of 3rd period - Sidney Crosby wins face-off versus Riley Sheahan in Senators zone.
18:13 of 3rd period - Icing by Patrik Elias.
18:14 of 3rd period - Cody Hodgson wins face-off versus Mika Zibanejad in Avalanche zone.
18:38 of 3rd period - Shot by Marcus Johansson.
18:38 of 3rd period - Stopped by Carey Price without a rebound.
18:39 of 3rd period - Scottie Upshall wins face-off versus Dave Bolland in Senators zone.
19:31 of 3rd period - Pavel Datsyuk is hit by Justin Faulk and loses puck.
Goals for this period are 2 for Avalanche vs 2 for Senators.
Shots for this period are 5 for Avalanche vs 12 for Senators.


Output by the SimonT Hockey Simulator (STHS) for Stephane Roy -- Original Page W3C XHTML 1.0 Valid
Hockey Simulator - Hockey Simulation - Hockey Manager